 Dungeon Crawl Stone Soup version 0.24.0-13-gcf9b3192b9 (webtiles) character file.

Game seed: 11699581667380827830, levelgen mode: deterministic

45 Aviak the Skirmisher (level 3, -3/29 HPs)
             Began as a Formicid Warper on Nov 10, 2019.
             Slain by a gnoll
             ... wielding a +0 halberd
              (8 damage)
             ... on level 1 of the Dungeon.
             The game lasted 00:02:26 (1801 turns).

Aviak the Skirmisher (Formicid Warper)              Turns: 1801, Time: 00:02:27

Health: -3/29      AC:  7    Str: 16    XL:     3   Next: 90%
Magic:  6/6        EV: 10    Int: 12    God:
Gold:   93         SH:  0    Dex: 10    Spells: 6/6 levels left

rFire    + . .     SeeInvis +   a - +0 hand axe
rCold    . . .     Gourm    .   (no shield)
rNeg     . . .     Faith    .   d - +0 scale mail
rPois    .         Spirit   .   (helmet unavailable)
rElec    .         Reflect  .   (no cloak)
rCorr    .         Harm     .   (no gloves)
MR       .....                  m - +0 pair of boots
Stlth    ..........             (no amulet)
HPRegen  0.09/turn              F - ring of protection from fire
MPRegen  0.10/turn              (no ring)

@: no status effects
A: permanent stasis, dig shafts and tunnels, four strong arms, antennae 3
a: Dig, Shaft Self


You were on level 1 of the Dungeon.
You were near starving.

You visited 1 branch of the dungeon, and saw 2 of its levels.

You collected 93 gold pieces.

Inventory:

Hand Weapons
 a - a +0 hand axe (weapon)
Armour
 b - a +0 leather armour
 d - a +0 scale mail (worn)
 m - a +0 pair of boots (worn)
Jewellery
 F - a ring of protection from fire (left hand)
Scrolls
 c - a scroll of enchant armour {unknown}
 i - a scroll of magic mapping {unknown}
 k - a scroll of fog {unknown}
 p - a scroll of teleportation {unknown}
Potions
 g - a potion of lignification {unknown}
 h - a potion of magic {unknown}
 j - a potion of brilliance {unknown}
 l - a potion of degeneration {unknown}
 n - 2 potions of might {unknown}
 o - a potion of curing {unknown}
 q - a potion of heal wounds {unknown}
Comestibles
 f - 7 rations


   Skills:
 + Level 3.0 Fighting
 + Level 2.7 Axes
 - Level 1.0 Throwing
 + Level 2.2 Armour
 - Level 2.0 Dodging
 - Level 2.1 Spellcasting
   Level 2.6 Translocations


You had 6 spell levels left.
You didn't know any spells.
Your spell library contained the following spells:

 Spells                   Type           Power        Failure   Level  Hunger
 Shroud of Golubria       Chrm/Tloc      #.....       65%         2    ###....
 Gell's Gravitas          Tloc           #.........   69%         3    ####...
 Lesser Beckoning         Tloc           #.........   69%         3    ####...
 Teleport Other           Tloc           #.......     69%         3    ####...
 Passage of Golubria      Tloc           N/A          97%         4    #####..
 Blink                    Tloc           Unusable     N/A         2    N/A

Dungeon Overview and Level Annotations

Branches:
Dungeon (2/15)

Altars:


Innate Abilities, Weirdness & Mutations

You cannot be hasted, slowed, berserked, paralysed or teleported.
You can dig through walls and to a lower floor.
Your four strong arms can wield two-handed weapons with a shield.
You have a pair of large antennae on your head. (SInv)


Message History

The gnoll closely misses you.
You climb upwards.
There is a stone staircase leading down here.
You barely miss the gnoll.
The gnoll is heavily wounded.
The gnoll closely misses you.
You closely miss the gnoll.
The gnoll is heavily wounded.
The gnoll hits you with a +0 halberd!
* * * LOW HITPOINT WARNING * * *
You hit the gnoll but do no damage.
The gnoll is heavily wounded.
The gnoll barely misses you.
You hit the gnoll but do no damage.
The gnoll is heavily wounded.
The gnoll barely misses you.
You hit the gnoll but do no damage.
The gnoll is heavily wounded.
The gnoll hits you with a +0 halberd!
You die...

####### ......#
#####.########
.............##
###...........#
#####.######..###########
................@g......#
#####.#####...#.......#.#
#####.##................#
......##.##...........#.#
.......#.##.............#
...#...#.##....#.#'#..####
†..............#.#.#.....#
...................).....#
#........................#


You could see a gnoll.

Vanquished Creatures
  An adder (D:2)
  A worm (D:2)
  A dart slug (D:1)
  2 leopard geckos (D:1)
  A ball python (D:1)
  3 bats
  A giant cockroach (D:1)
  A goblin (D:1)
  8 hobgoblins
  3 kobolds (D:1)
  2 frilled lizards
  2 rats (D:1)
26 creatures vanquished.

Notes
Turn   | Place    | Note
-------+----------+-------------------------------------------
     0 | D:1      | Aviak the Formicid Warper began the quest for the Orb.
     0 | D:1      | Reached XP level 1. HP: 16/16 MP: 3/3
   146 | D:1      | Reached XP level 2. HP: 23/23 MP: 5/5
   440 | D:1      | Reached XP level 3. HP: 28/28 MP: 6/6
  1444 | D:2      | Reached skill level 3 in Fighting
  1801 | D:1      | Slain by a gnoll

Levels and vault maps discovered:
D:1:      nzn_arrival_crosshair, layout_basic, chequers_mini_garden
D:2:      layout_basic

Skill      XL: |  1  2  3 |
---------------+----------+-----
Dodging        | 2 |  2.0
Armour         | 2 |  2.2
Fighting       | 3 |  3.0
Axes           | |  2.7
Throwing       | |  1.0
Spellcasting   | |  2.1
Translocations | |  2.6

Action                   || total
-------------------------++-------
Melee: Hand axe          ||   119
Throw: Boomerang         ||     5
  Eat: Chunk             ||     1
Armor: Leather armour    ||     2
       Scale mail        ||    43
Dodge: Dodged            ||    70
